[Event "Late-Titled-Tuesday-Blitz-June-25-2024"]
[Site "Chess.com"]
[Date "2024.06.25"]
[Round "9"]
[White "Stanbad1"]
[Black "Niktlt"]
[Result "0-1"]
[WhiteElo "2711"]
[BlackElo "2592"]
[TimeControl "180+1"]
[EndTime "15:45:22 PDT"]
[Termination "Niktlt won by resignation"]

1. d4 Nf6 2. Nc3 e6 3. e4 d5 4. Bg5 Be7 5. e5 Nfd7 6. Bxe7 Qxe7 7. f4 O-O 8. Nf3 a6 9. Qd2 c5 10. Ne2 Nc6 11. c3 b6 12. g3 Bb7 13. Bg2 f6 14. O-O fxe5 15. dxe5 Rad8 16. Qe3 Na5 17. b3 Nc6 18.
Rad1 Qe8 19. g4 Ne7 20. Ng3 d4 21. cxd4 Nd5 22. Qc1 Nxf4 23. Bh1 cxd4 24. Rxd4 Nh3+ 25. Kg2 Nxe5 26. Rxd8 Qxd8 27. Kxh3 Bxf3 28. Qe3 Bxg4+ 29. Kg2 Qd5+ 30. Kg1 Rxf1+ 31. Kxf1 Qd1+ 32. Kg2 Qf3+ 33. Qxf3 Bxf3+ 34. Kf2 Bxh1 35. Nxh1 Kf7 36. h3 Ke7 37. Ke3 Kd6 38. Nf2 Nf7 39. Ke4 h6 40. Kd4 e5+ 41. Kc4 Ng5 42. h4 Nf3 43. h5 Ng5 44. a4 Kc6 45.
Ng4 Nf3 46. Kd3 Kd5 47. Ne3+ Ke6 48. b4 Nd4 49. Ke4 Ne2 50. a5 bxa5 51. bxa5 Ng3+ 52. Kf3 Nxh5 53. Nc2 Nf6 54. Nb4 Nd5 55. Nxa6 Kf5 56. Nc5 Nc7 57. a6 g5 58. a7 Na8 59. Ne4 h5 60.
Ng3+ Kg6 61. Ke4 h4 62. Nf1 Kf6 63. Ne3 Nb6 64. Ng4+ Kg6 65. Nxe5+ Kh5 66. Kf3 Na8 67. Ng4 Kg6 68. Ke4 Nc7 69. Ke5 Kh5 70. Kf5 h3 71. Nf6+ Kh4 72. Ng4 Na8 73. Nf6 h2 74. Nd5 h1=Q 75.
Nf6 Qf3+ 76. Kg6 Qxf6+ 77. Kxf6 g4 78. Ke6 g3 79. Kd6 g2 80. Kc6 g1=Q 81. Kb7 Qg8 0-1

[Event "Late-Titled-Tuesday-Blitz-June-25-2024"]
[Site "Chess.com"]
[Date "2024.06.25"]
[Round "9"]
[White "Chempiblinka"]
[Black "manitodeplomo"]
[Result "1-0"]
[WhiteElo "2422"]
[BlackElo "2575"]
[TimeControl "180+1"]
[EndTime "15:45:24 PDT"]
[Termination "Chempiblinka won by resignation"]

1. Nf3 d5 2. g3 c6 3. Bg2 Bg4 4. c4 e6 5. cxd5 Bxf3 6. Bxf3 cxd5 7. O-O Nc6 8. Bg2 Nf6 9. d3 Be7 10. b3 O-O 11. Bb2 b5 12. Nd2 Qb6 13. Rc1 Rac8 14. e4 Rfd8 15. exd5 Nxd5 16. Ne4 Nd4 17. Rxc8 Rxc8 18.
Qh5 Rc2 19. Bxd4 Qxd4 20. Ng5 Bxg5 21. Qxg5 Qf6 22. Qg4 g6 23. a4 a6 24. axb5 axb5 25. Bxd5 exd5 26. Qd7 Qc6 27. Qd8+ Kg7 28. Qe7 Qf6 29.
Qd7 Qc6 30. Qe7 Qc7 31. Qe8 Qc6 32. Qe5+ Kg8 33. Re1 h5 34. h4 Rc1 35. Qb8+ Kh7 36. Rxc1 Qxc1+ 37. Kg2 Qc3 38. Qxb5 Kg7 39. Qxd5 Kf6 40.
d4 Ke7 41. Qe5+ Kd7 42. Qd5+ Ke8 43. Qe5+ Kd7 44. Qb5+ Kd8 45. Qb6+ Kd7 46. d5 Qd3 47. Qc6+ Ke7 48. d6+ Qxd6 49. Qxd6+ Kxd6 50. Kf3 f6 51. Kf4 Kc5 52. Ke4 Kd6 53. Kd4 Kc6 54. b4 Kd6 55. b5 g5 56. Ke4 gxh4 57. gxh4 Kc5 58. Kf5 Kxb5 59. Kxf6 Kc4 60. Kg5 Kd3 61. f4 Ke4 62. f5 Ke5 63. f6 Ke6 64. Kg6 Ke5 65.
f7 Kf4 66. f8=Q+ Kg4 67. Qf5+ Kxh4 68. Qg5+ Kh3 69. Kxh5 Kh2 70. Qd2+ Kg1 71. Kg4 1-0

[Event "Late-Titled-Tuesday-Blitz-June-25-2024"]
[Site "Chess.com"]
[Date "2024.06.25"]
[Round "9"]
[White "chesspingvin1995"]
[Black "Zq1"]
[Result "1/2-1/2"]
[WhiteElo "2278"]
[BlackElo "2492"]
[TimeControl "180+1"]
[EndTime "15:45:26 PDT"]
[Termination "Game drawn - timeout vs insufficient material"]

1. Nf3 Nf6 2. g3 g6 3. Bg2 Bg7 4. d4 O-O 5. O-O d6 6. a4 a5 7. Nc3 Nbd7 8. e4 c6 9. Be3 Ng4 10. Bg5 h6 11. Bf4 e5 12. dxe5 dxe5 13. Bd2 Qe7 14. h3 Ngf6 15. Be3 Nc5 16. Bxc5 Qxc5 17. Qe2 Be6 18. Rfd1 Rfd8 19. Rxd8+ Rxd8 20. Rd1 Rxd1+ 21. Qxd1 Nd7 22. Qd3 Qc4 23. Qxc4 Bxc4 24. Bf1 Be6 25. Nd2 Nb6 26. b3 Bf8 27. Nf3 Bc5 28. Kg2 f6 29. Nd1 g5 30. g4 Kf7 31. Nb2 Ke7 32. Nd3 Ba3 33. Nd2 Bd6 34. Kf3 Nd7 35. Ke2 b5 36.
Kd1 Nb6 37. axb5 cxb5 38. Nb2 Ba3 39. Kc1 Kd6 40. Bxb5 Kc5 41. Bd3 Kd4 42. Nb1 Bb4 43. Nd1 Bxb3 44. Bf1 Be6 45. c3+ Kxe4 46. cxb4 axb4 47.
Nd2+ Kf4 48. Ne3 e4 49. Ndc4 Nxc4 50. Bxc4 Bxc4 51. Nxc4 Kf3 52. Nd6 Kxf2 53. Nxe4+ Kg2 54. Nxf6 Kxh3 55. Ng8 Kxg4 56. Nxh6+ Kf4 57. Kb2 1/2-1/2

[Event "Late-Titled-Tuesday-Blitz-June-25-2024"]
[Site "Chess.com"]
[Date "2024.06.25"]
[Round "9"]
[White "duone"]
[Black "LUISMIGUELOV"]
[Result "0-1"]
[WhiteElo "2357"]
[BlackElo "2246"]
[TimeControl "180+1"]
[EndTime "15:45:27 PDT"]
[Termination "LUISMIGUELOV won by resignation"]

1. e4 c6 2. d3 d5 3. Nd2 Nf6 4. Ngf3 Bg4 5. h3 Bxf3 6. Qxf3 e6 7. g3 Nbd7 8. Bg2 Bb4 9. O-O O-O 10. c3 Ba5 11. Qe2 Qc7 12. b4 Bb6 13. Bb2 Qxg3 14. d4 Qg6 15. e5 Ne8 16. f4 f5 17. a4 a5 18. Ba3 axb4 19. Bxb4 c5 20. dxc5 Bxc5+ 21. Bxc5 Nxc5 22. Qe3 Ne4 23. Nxe4 fxe4 24. Rfb1 Rf7 25.
Kh1 Qh6 26. Rf1 g6 27. Qb6 Ra6 28. Qd8 Qf8 29. a5 Ng7 30. Qxf8+ Kxf8 31. Rfb1 Ke8 32. Rb6 Ra7 33. Rab1 Kd8 34. R1b5 Kc7 35. Rc5+ Kd7 36. Rcb5 Kc8 37. c4 Rxf4 38. cxd5 exd5 39. Rc5+ Kb8 40. Rxd5 Nf5 41. e6 Rf2 42. Rd8+ Kc7 43. Rd7+ Kc8 44. Rxh7 Rxa5 45. Rbxb7 Ra1+ 46. Kh2 Raa2 47. Rbc7+ Kb8 48. Rb7+ Ka8 49. Rb2 Raxb2 50. Rh8+ Kb7 51. Kh1 Rxg2 52. Rh7+ Kc6 53. Rc7+ Kxc7 54. e7 Nxe7 55. h4 Rh2+ 56. Kg1 Rbg2+ 57. Kf1 Rg4 58. h5 gxh5 59. Ke1 0-1

[Event "Late-Titled-Tuesday-Blitz-June-25-2024"]
[Site "Chess.com"]
[Date "2024.06.25"]
[Round "9"]
[White "hansen"]
[Black "zajka-molotok"]
[Result "0-1"]
[WhiteElo "2943"]
[BlackElo "2580"]
[TimeControl "180+1"]
[EndTime "15:45:29 PDT"]
[Termination "zajka-molotok won by resignation"]

1. d4 d5 2. c4 c5 3. Nf3 Nf6 4. e3 e6 5. a3 dxc4 6. Bxc4 a6 7. O-O b5 8. Be2 Nbd7 9. Nbd2 Bb7 10. b3 Be7 11. Bb2 O-O 12. Rc1 Rc8 13. dxc5 Nxc5 14.
b4 Nce4 15. Nb3 Bd5 16. Nbd4 Rxc1 17. Qxc1 Qa8 18. Qa1 Rc8 19. Rd1 h6 20. Ne1 Nd6 21. f3 Bc4 22. e4 Bxe2 23. Nxe2 Nc4 24. Bd4 Ne8 25. Nd3 Rd8 26. g3 Bf6 27. Nc5 Bxd4+ 28. Rxd4 a5 29. bxa5 Rxd4 30. Nxd4 Qxa5 31. Ndb3 Qxa3 32.
Qd4 Nf6 33. h4 Qb2 34. Qxb2 Nxb2 35. Kf2 Kf8 36. Nd4 b4 37. Ke2 Nc4 38. Na6 e5 39. Nb3 Nh5 40. Kf2 g5 41. hxg5 hxg5 42. Nxb4 Ng7 43.
Nc5 Ke7 44. Nd5+ Kd6 45. Nb7+ Ke6 46. Nd8+ Kd7 47. Nxf7 Ne6 48. Nh6 Kd6 49. Kg2 Kc5 50. Kh3 Kd4 51. Nf5+ Kd3 52. Kg4 Ke2 53. Nc3+ Kf2 54.
Nh6 Ne3+ 55. Kh3 Kxf3 56. Nf5 g4+ 57. Kh4 Ng2+ 58. Kh5 Nd4 59. Nxd4+ exd4 60. Nd1 Kxe4 61. Kxg4 Ne3+ 0-1

[Event "Late-Titled-Tuesday-Blitz-June-25-2024"]
[Site "Chess.com"]
[Date "2024.06.25"]
[Round "9"]
[White "Necromon"]
[Black "JSPrepz"]
[Result "1-0"]
[WhiteElo "2602"]
[BlackElo "2808"]
[TimeControl "180+1"]
[EndTime "15:45:43 PDT"]
[Termination "Necromon won by resignation"]

1. e4 e5 2. Nf3 Nc6 3. Bb5 f5 4. d4 fxe4 5. Bxc6 dxc6 6. Nxe5 Nf6 7. Nc3 c5 8. Be3 Bd6 9. Nc4 Be7 10. dxc5 Be6 11.
Ne5 O-O 12. Qxd8 Raxd8 13. Rd1 Rxd1+ 14. Kxd1 Rd8+ 15. Kc1 c6 16. Rd1 Rxd1+ 17. Kxd1 h6 18. h3 Bd8 19. f4 exf3 20. Nxf3 Bc7 21. Ke2 Bc4+ 22. Kd2 Bf1 23. Ne1 Bg3 24. Ne2 Ne4+ 25. Kd1 Nf2+ 26. Kd2 Ne4+ 27. Kd1 Bf2 28. Bxf2 Nxf2+ 29.
Kd2 Ne4+ 30. Ke3 Nxc5 31. Kf2 Bxe2 32. Kxe2 Kf7 33. Nd3 Ne6 34. Ke3 Kf6 35. Ke4 Ng5+ 36. Kf4 Ne6+ 37. Ke4 Ng5+ 38. Kf4 Ke7 39. Kf5 Ne6 40.
g4 Nd4+ 41. Kg6 Kf8 42. c3 Nf3 43. Kf5 Ng1 44. h4 Nf3 45. h5 Nd2 46. Nf4 Nc4 47.
Ne6+ Kg8 48. b3 Ne3+ 49. Kg6 Nxg4 50. Nxg7 b5 51. Nf5 Nf2 52. Nxh6+ Kf8 53. Nf7 Nd3 54.
h6 Nf4+ 55. Kf6 Nd5+ 56. Ke6 Kg8 57. c4 Nc3 58. Ne5 b4 59. Nxc6 Nxa2 60. c5 Nc1 61. Nd4 Nd3 62. c6 Nc5+ 63. Kd5 Na6 64. Ne6 Kh7 65. c7 Nxc7+ 66. Nxc7 Kxh6 67. Kc4 Kg6 68. Kxb4 Kf6 69. Nb5 Ke7 70. Nxa7 Kd7 71. Nb5 1-0

[Event "Late-Titled-Tuesday-Blitz-June-25-2024"]
[Site "Chess.com"]
[Date "2024.06.25"]
[Round "9"]
[White "artin10862"]
[Black "legendisback1"]
[Result "1-0"]
[WhiteElo "2929"]
[BlackElo "3021"]
[TimeControl "180+1"]
[EndTime "15:45:44 PDT"]
[Termination "artin10862 won by resignation"]

1. e4 g6 2. d4 Bg7 3. Nf3 c6 4. c3 d5 5. exd5 cxd5 6. Bd3 Nc6 7. O-O Nf6 8. Bf4 O-O 9. h3 Bf5 10. Be2 Rc8 11. Nbd2 Qb6 12. Qb3 Na5 13. Qxb6 axb6 14. Rfe1 Bd7 15. Ne5 Be8 16. Bd3 e6 17. Rac1 Nh5 18. Bh2 Bh6 19. Rc2 Nf4 20. Bf1 Nc6 21. Ng4 Bg5 22. Nf3 h6 23. h4 f5 24. Ne3 Nh3+ 25. gxh3 Bf6 26. Rcc1 Na5 27. Ng2 Bf7 28. Nf4 Rfe8 29. Nd3 Nc4 30. b3 Na3 31. Nde5 g5 32.
hxg5 hxg5 33. Nxf7 Kxf7 34. Bd6 Ra8 35. Ne5+ Kg7 36. c4 Red8 37. Bc7 Rdc8 38. Bxb6 dxc4 39. bxc4 Ra6 40. Bc5 b6 41. Bb4 Ra4 42. Bd6 Rd8 43. c5 bxc5 44. Bxc5 Rd5 45. Bg2 Rd8 46. Nc6 Re8 47.
d5 e5 48. d6 Nb5 49. d7 Rh8 50. Nxe5 Rxa2 51. Nc6 Nc3 52. Kf1 Ne4 53. Bxe4 fxe4 54. Rxe4 Rxh3 55. Kg2 Rh8 56. Bd4 Bxd4 57. Rxd4 Rf8 58.
Rf1 1-0

[Event "Late-Titled-Tuesday-Blitz-June-25-2024"]
[Site "Chess.com"]
[Date "2024.06.25"]
[Round "9"]
[White "MaxLeto"]
[Black "Bykov_Egor"]
[Result "1-0"]
[WhiteElo "2472"]
[BlackElo "2613"]
[TimeControl "180+1"]
[EndTime "15:45:45 PDT"]
[Termination "MaxLeto won by resignation"]

1. e4 c6 2. Nf3 d5 3. Nc3 Bg4 4. h3 Bxf3 5. Qxf3 e6 6. d3 Nd7 7.
Bd2 Bc5 8. g4 Ne7 9. Bg2 Ng6 10.
Qg3 Qh4 11. Ne2 Qxg3 12. fxg3 Bb6 13. Nf4 Nge5 14. Rf1 O-O 15. O-O-O Rae8 16. Rde1 Ng6 17. Bb4 Bc5 18. Bc3 d4 19. Bd2 e5 20. Nxg6 fxg6 21. g5 Rxf1 22. Rxf1 Rf8 23. h4 Rxf1+ 24.
Bxf1 Kf7 25. Bh3 Ke7 26. b4 Bd6 27. a4 Nf8 28. Bc8 b6 29. Kb2 Nd7 30. Bb7 Nb8 31.
Kb3 Kd7 32. b5 Kc7 33. Ba8 a6 34. Kc4 axb5+ 35. axb5 cxb5+ 36. Kd5 Na6 37. Ke6 b4 38. Kf7 b3 39. cxb3 Nc5 40. Kxg7 Nxb3 41. Be1 Nc5 42. Kxh7 Nxd3 43. Bd2 Bb4 44. Kxg6 Bxd2 45. h5 Bxg5 46. Kxg5 Nc5 47. h6 d3 48. h7 d2 49. h8=Q d1=Q 50.
Qxe5+ Kc8 51. Qe8+ Kc7 52. Qe5+ Kd7 53. Bd5 b5 54. Qf5+ Kd6 55. Qf6+ Ne6+ 56. Qxe6+ Kc5 57. Qc6+ Kd4 58. Qxb5 Qd2+ 59. Kf5 Qf2+ 60. Ke6 Qxg3 61. Qb4+ Ke3 62. Qb3+ Kf4 63. Qxg3+ Kxg3 64. e5 1-0

[Event "Late-Titled-Tuesday-Blitz-June-25-2024"]
[Site "Chess.com"]
[Date "2024.06.25"]
[Round "9"]
[White "VirtualCoach"]
[Black "Flaccidmoves"]
[Result "0-1"]
[WhiteElo "2358"]
[BlackElo "2530"]
[TimeControl "180+1"]
[EndTime "15:45:46 PDT"]
[Termination "Flaccidmoves won by checkmate"]

1. e4 e5 2. Nf3 Nc6 3. Bb5 a6 4. Ba4 Nf6 5. O-O b5 6. Bb3 Be7 7. Re1 O-O 8. c3 d5 9. exd5 Nxd5 10.
h3 Bf6 11. d3 Be6 12. Bc2 Qd7 13. Nbd2 Rad8 14. Ne4 Be7 15. Neg5 Bf5 16. d4 exd4 17.
cxd4 h6 18. Ne4 Ndb4 19. Bb1 Nxd4 20. Nxd4 Qxd4 21. Qxd4 Rxd4 22. a3 Nd3 23. Bxd3 Rxd3 24. Ng3 Be6 25. Nh5 Bc5 26. Nf4 Rd6 27. Ne2 Bb6 28.
Bf4 Rd7 29. Ng3 c5 30. Rad1 Rfd8 31. Rxd7 Rxd7 32. Ne4 c4 33. Nc3 Rd3 34. Na2 Rb3 35. Be5 Rd3 36. Nb4 Rd2 37. Rf1 a5 38. Nc6 Bd5 39.
Ne7+ Kh7 40. Bc3 Rd3 41. Re1 Be6 42. Nc6 a4 43. Ne5 Rd8 44. Nf3 Bd5 45. Nd2 Bc6 46.
Nf1 Rd6 47. Ng3 Re6 48. Rd1 Bc5 49. Nf5 g6 50. Rd8 gxf5 51. Rh8+ Kg6 52. Rg8+ Kh5 53. g4+ Kh4 54. Rh8 fxg4 55. hxg4 Kxg4 56. Rg8+ Rg6 57. Rc8 Kf3+ 58. Kf1 Bxf2 59. Rf8 Rg1# 0-1

[Event "Late-Titled-Tuesday-Blitz-June-25-2024"]
[Site "Chess.com"]
[Date "2024.06.25"]
[Round "9"]
[White "Denmark2015"]
[Black "PoAslan"]
[Result "1-0"]
[WhiteElo "2629"]
[BlackElo "2457"]
[TimeControl "180+1"]
[EndTime "15:45:47 PDT"]
[Termination "Denmark2015 won by checkmate"]

1. d4 d5 2. c4 c6 3. Nf3 e6 4. Nc3 dxc4 5. e4 b5 6. Be2 a6 7. O-O Bb7 8. e5 h6 9. a4 Ne7 10.
Ne4 Nd5 11. b3 cxb3 12. Qxb3 Nd7 13. Ba3 b4 14. Bb2 a5 15. Rac1 Be7 16. Nfd2 O-O 17. Nc4 Ba6 18. Rfe1 c5 19. Ncd6 Bxe2 20. Rxe2 Bxd6 21.
Nxd6 cxd4 22. Bxd4 Qg5 23. Ree1 Nf4 24. Qf3 Ng6 25. Qe4 Rad8 26. Nb7 Ra8 27. g3 h5 28.
h4 Qf5 29. Qxf5 exf5 30. Rc7 Nb8 31. e6 Na6 32. Rd7 Nb8 33. Rc7 Na6 34. Rd7 Nb8 35. Rd6 Ra6 36. exf7+ Kxf7 37. Ree6 Rxd6 38. Rxd6 f4 39.
Nxa5 Rc8 40. Rb6 Nd7 41. Rxb4 Ke6 42. Nb7 Nb8 43. Bxg7 Nc6 44. Rb1 Kf5 45. Bh6 f3 46. Rb5+ Nge5 47. Bf4 Ra8 48. a5 Kg4 49. Bxe5 Re8 50.
Bc3 Kh3 51. Kf1 Rc8 52. Rc5 Rb8 53. a6 Na7 54. Rxh5 Rc8 55. Rc5 Re8 56. Rf5 Re6 57.
Rxf3 Rxa6 58. Re3 Nb5 59. Be1 Nd4 60. Nc5 Rc6 61. Ne4 Nf5 62. Ng5+ Kh2 63. Re4 Nh6 64. h5 Ng4 65. Rxg4 Rc4 66. Rd4 Kh1 67. Rxc4 Kh2 68. Rh4# 1-0

[Event "Late-Titled-Tuesday-Blitz-June-25-2024"]
[Site "Chess.com"]
[Date "2024.06.25"]
[Round "9"]
[White "Bilan_Danila"]
[Black "maximnovik"]
[Result "1-0"]
[WhiteElo "2627"]
[BlackElo "2516"]
[TimeControl "180+1"]
[EndTime "15:45:52 PDT"]
[Termination "Bilan_Danila won by resignation"]

1. d4 Nf6 2. Nf3 e6 3. g3 b5 4. Bg2 Bb7 5. O-O c5 6. dxc5 Bxc5 7. Bg5 O-O 8. Nbd2 Be7 9. Nb3 d6 10. c3 Nbd7 11. Qd3 a6 12. Nfd4 Qc7 13. a4 Ne5 14. Qc2 Bxg2 15. Kxg2 b4 16. cxb4 Qb7+ 17. Kg1 Qxb4 18.
Bd2 Qb7 19. Na5 Qe4 20. Qxe4 Nxe4 21. Bb4 Rfc8 22. Rfc1 Bf6 23. Nac6 Nxc6 24. Nxc6 Nc5 25. Bxc5 Rxc6 26. Ba3 Rac8 27. Rxc6 Rxc6 28. Rb1 Rc2 29. Kf1 d5 30. b4 Ra2 31. b5 axb5 32. Rxb5 g5 33.
Rb3 Rc2 34. a5 Rc4 35. Rb4 Rc3 36. Rb8+ Kg7 37. Bf8+ Kg6 38. a6 Rc1+ 39. Kg2 Ra1 40. Ra8 Bd4 41. e3 Bb6 42. Be7 d4 43. exd4 Bxd4 44.
Rg8+ Bg7 45. Bf8 Rxa6 46. Bxg7 h6 47. Bf8+ Kh7 48. Rg7+ Kh8 49. Rxf7 Kg8 50. Rf3 e5 51. Bc5 Rc6 52. Be3 Kg7 53. g4 Rc4 54. h3 Rc6 55. Rf5 Re6 56. Kf3 e4+ 57. Ke2 Kg6 58. Bd4 Ra6 59.
Be3 Ra2+ 60. Kf1 Ra1+ 61. Kg2 Ra6 62. Rb5 Re6 63. Rb6 Rxb6 64. Bxb6 Kf6 65. Be3 1-0

[Event "Late-Titled-Tuesday-Blitz-June-25-2024"]
[Site "Chess.com"]
[Date "2024.06.25"]
[Round "9"]
[White "KebabJangles"]
[Black "medinapazmiguel1968"]
[Result "0-1"]
[WhiteElo "2257"]
[BlackElo "2469"]
[TimeControl "180+1"]
[EndTime "15:46:00 PDT"]
[Termination "medinapazmiguel1968 won by checkmate"]

1. d4 Nf6 2. c4 g6 3. g3 Bg7 4. Bg2 O-O 5. Nc3 d6 6. Nf3 Nbd7 7. O-O e5 8. e4 Re8 9. h3 exd4 10. Nxd4 Nc5 11.
Re1 a5 12. Bf4 Nfd7 13. Be3 Ne5 14. b3 Ned3 15. Re2 c6 16. Rd2 Ne5 17. f4 Ned7 18. Rc1 f5 19. Nc2 Bxc3 20. Rxd6 Nxe4 21. Bxe4 Rxe4 22. Qd3 Bf6 23. Rd1 Qe7 24. c5 Kg7 25. Kf2 Re6 26. Rxd7 Bxd7 27. Qxd7 Qxd7 28. Rxd7+ Re7 29.
Rd6 Rae8 30. g4 Re6 31. Rd7+ R8e7 32. Rd3 fxg4 33. hxg4 h5 34. g5 Bb2 35. Kf3 Kf7 36. a3 Ke8 37. b4 a4 38. Rd1 Rd7 39. Rb1 Bc3 40. Rh1 Bd2 41. Bd4 Kf7 42. Rd1 Bc3 43.
Rd3 Bxd4 44. Nxd4 Re1 45. Rd2 Ra1 46. Ke4 Rxa3 47. Re2 Ra1 48. Nf3 Rad1 49. Ne5+ Kg7 50. Nxd7 Rxd7 51. Ra2 Re7+ 52. Kf3 Re1 53. Rxa4 Rb1 54.
Kg3 Kf7 55. Kf3 Ke6 56. Ke4 Rb2 57. Ke3 Kf5 58. Ra8 Rb3+ 59. Kd4 Rxb4+ 60. Kc3 Rxf4 61. Rb8 Kxg5 62. Rxb7 Rf5 63. Kc4 Rf4+ 64. Kc3 h4 65. Rb6 Rf6 66. Ra6 h3 67. Ra1 Kh4 68. Kd4 g5 69. Ke4 g4 70. Ke5 Rh6 71. Kf5 g3 72. Ra4+ Kh5 73. Kf4 g2 74. Ra1 Rg6 75. Kf3 g1=Q 76. Ra8 Qf1+ 77. Ke4 Qc4+ 78. Ke5 Qxc5+ 79.
Ke4 Qd4+ 80. Kxd4 h2 81. Rh8+ Rh6 82. Rg8 h1=Q 83. Kc5 Qd5+ 84. Kb6 Qb5+ 85. Kc7 Rh7+ 86. Kd6 Qd5# 0-1

[Event "Late-Titled-Tuesday-Blitz-June-25-2024"]
[Site "Chess.com"]
[Date "2024.06.25"]
[Round "9"]
[White "King_Deded4d5"]
[Black "N_I_Chess"]
[Result "0-1"]
[WhiteElo "2450"]
[BlackElo "2270"]
[TimeControl "180+1"]
[EndTime "15:46:00 PDT"]
[Termination "N_I_Chess won by resignation"]

1. e4 Nf6 2. e5 Nd5 3. d4 d6 4. c4 Nb6 5. f4 g6 6. Nc3 Bg7 7.
Nf3 O-O 8. Be3 dxe5 9. fxe5 c5 10. dxc5 N6d7 11. Qd2 Nxe5 12. O-O-O Qxd2+ 13. Rxd2 Nxf3 14. gxf3 Nc6 15. Be2 Bf5 16. Ne4 Be5 17. Ng3 Be6 18. Rhd1 Rfd8 19. f4 Bg7 20. Ne4 Bf5 21. Ng3 Be6 22.
Ne4 h6 23. b3 Bf5 24. Ng3 Be6 25. Bf3 Kf8 26. Bxc6 Rxd2 27. Rxd2 bxc6 28. Bd4 Bxd4 29.
Rxd4 Ke8 30. Ne4 Rd8 31. Rxd8+ Kxd8 32. Kd2 Bf5 33. Nc3 g5 34. fxg5 hxg5 35. Ke3 Bc2 36. b4 Kd7 37. a3 f5 38. b5 Kc7 39. a4 e5 40. a5 g4 41. b6+ axb6 42. cxb6+ Kb7 43.
c5 f4+ 44. Kf2 Bd3 45. Ne2 Ka6 46. Nc1 Bc4 47. Ne2 Bd3 48. Nc3 Bf5 49. Nd1 Bc8 50.
Nb2 Kxa5 51. Nc4+ Kb4 52. Nd6 Ba6 53. b7 Bxb7 54. Nxb7 Kc4 55. Kg2 Kd4 56. Nd8 Kxc5 57. Nf7 Kd4 58. Nd6 c5 59. Nf5+ Kd3 60. Nd6 c4 61.
Nf7 Kd4 62. Nd6 c3 63. Nb5+ Kd3 64. Nxc3 Kxc3 65. h3 gxh3+ 66. Kxh3 Kd2 67. Kg2 Ke2 68. Kh3 f3 69. Kg4 f2 70. Kf5 f1=Q+ 71. Kxe5 Qf3 0-1

[Event "Late-Titled-Tuesday-Blitz-June-25-2024"]
[Site "Chess.com"]
[Date "2024.06.25"]
[Round "9"]
[White "Akhayan"]
[Black "zverr1"]
[Result "1/2-1/2"]
[WhiteElo "2403"]
[BlackElo "2551"]
[TimeControl "180+1"]
[EndTime "15:46:08 PDT"]
[Termination "Game drawn by repetition"]

1. e4 c5 2. Nf3 Nc6 3. Nc3 g6 4. Bc4 Bg7 5. O-O e5 6. d3 Nge7 7. Ng5 O-O 8. f4 h6 9. Nf3 d6 10. fxe5 Nxe5 11. Nxe5 dxe5 12. Qf3 Kh7 13. Be3 b6 14.
Nd5 Nxd5 15. Bxd5 Rb8 16. Qg3 Qe7 17. Rf2 Be6 18. Bxe6 Qxe6 19. b3 f5 20. exf5 gxf5 21. Qh3 Qg6 22. Raf1 Rbe8 23. Bc1 e4 24. dxe4 Bd4 25.
Be3 Bxe3 26. Qxe3 Rxe4 27. Qxe4 fxe4 28. Rxf8 Kg7 29. R8f2 e3 30. Re2 Qe4 31. Rfe1 a5 32.
c4 Qd4 33. Rxe3 a4 34. h3 a3 35. Kh1 Qd2 36. R3e2 Qd4 37. Kh2 Qf4+ 38. Kh1 h5 39.
Re7+ Kg6 40. R7e6+ Kg7 41. R6e4 Qd2 42. R4e2 Qf4 43.
Kg1 Qd4+ 44. Kh2 Qf4+ 45. Kh1 Qd4 46. Rf1 Qd3 47. Ref2 Kg8 48. Rf8+ Kg7 49. R8f3 Qd4 50. Rg3+ Kh7 51. Rgf3 Kg7 52. Rf7+ Kg6 53. R7f2 Qc3 54. Re2 Qd3 55. Rfe1 Qc3 56. Re3 Qd4 57. Re6+ Kg7 58. Re7+ Kg6 59. R7e2 Qc3 60. h4 Qd4 61. Re4 Qb2 62.
R1e2 Qc1+ 63. Kh2 Qa1 64. R4e3 Kf6 65. Rf3+ Kg6 66. Re6+ Kg7 67. Re7+ Kg6 68. Re8 Qxa2 69. Rg8+ Kh7 70. Rg5 Qe2 71. Rf7+ Kh6 72. Rf6+ Kh7 73.
Rf7+ Kh8 74. Rf8+ Kh7 75. Rf7+ 1/2-1/2

[Event "Late-Titled-Tuesday-Blitz-June-25-2024"]
[Site "Chess.com"]
[Date "2024.06.25"]
[Round "9"]
[White "BardArtem"]
[Black "ManMish2"]
[Result "1/2-1/2"]
[WhiteElo "2821"]
[BlackElo "2654"]
[TimeControl "180+1"]
[EndTime "15:46:12 PDT"]
[Termination "Game drawn by repetition"]

1. e4 e5 2. Nf3 Nc6 3. Nc3 Nf6 4. a4 d5 5. Bb5 d4 6. Ne2 Bd6 7. Bxc6+ bxc6 8. d3 c5 9. b3 O-O 10. O-O Bg4 11.
Ng3 Nh5 12. h3 Nxg3 13. fxg3 Bd7 14. g4 f6 15. Ba3 Qe7 16. Qe1 g6 17. Nd2 Kh8 18.
Nc4 f5 19. exf5 gxf5 20. gxf5 Bxf5 21. Nd2 Be6 22. Ne4 Rg8 23. Rf3 Bd5 24. Qf2 Qg7 25. Rf1 Raf8 26. Qe2 Rxf3 27. Rxf3 h6 28. Rg3 Qxg3 29.
Nxg3 Rxg3 30. Qh5 Rxg2+ 31. Kf1 Kg7 32. Bc1 Rxc2 33. Bxh6+ Kf6 34. Bg5+ Ke6 35. Qe8+ Kf5 36. h4 Bg2+ 37. Kg1 Kg4 38. Qg8 Kf3 39. Bh6 Re2 40. Qf7+ Kg3 41. Qg6+ Kh3 42. Qf5+ Kg3 43. Qg5+ Kh3 44.
Qf5+ Kg3 45. Qg5+ Kh3 46. h5 Re1+ 47. Kf2 Rf1+ 48. Ke2 Rf4 49. Qg6 Bf3+ 50. Kd2 Rg4 51.
Qe6 Kg2 52. Kc1 e4 53. dxe4 Rxe4 54. Qg6+ Kf1 55. Bd2 Ke2 56. h6 Bf4 57. Bxf4 Rxf4 58. h7 d3 59. Kb2 d2 60. Qe6+ Re4 61. Qd5 d1=Q 62. Qxd1+ Kxd1 63. h8=Q Re2+ 64. Ka3 Re3 65.
Qa1+ Ke2 66. Qc1 Bd5 67. Qb2+ Ke1 68. Qc1+ Ke2 69. Qc2+ Ke1 70. Qc1+ Ke2 1/2-1/2

[Event "Late-Titled-Tuesday-Blitz-June-25-2024"]
[Site "Chess.com"]
[Date "2024.06.25"]
[Round "9"]
[White "Rodalquilar"]
[Black "mishanick"]
[Result "0-1"]
[WhiteElo "2834"]
[BlackElo "3148"]
[TimeControl "180+1"]
[EndTime "15:46:14 PDT"]
[Termination "mishanick won by checkmate"]

1. d4 Nf6 2. Nf3 d5 3. Bf4 c5 4. e3 Nc6 5. c3 Qb6 6. Qc2 g6 7.
h3 Bg7 8. Nbd2 O-O 9. Be2 Bf5 10. dxc5 Qxc5 11. Qb3 Na5 12. Qd1 Qb6 13. Nb3 Nc4 14. Qc1 Rac8 15. O-O a5 16. Nfd2 e5 17. Bh2 Nxe3 18.
fxe3 a4 19. Nf3 axb3 20. Bxe5 bxa2 21. Rxa2 Ne4 22. Bxg7 Kxg7 23. Nd4 Bd7 24. Bd3 Rce8 25. Ra1 Nc5 26. Bc2 Re5 27. b4 Ne4 28. Bxe4 Rxe4 29. Qd2 Rfe8 30. Rf3 f5 31. Raf1 Bb5 32. R1f2 Bc4 33. g4 fxg4 34. Rf7+ Kg8 35. Rd7 R4e7 36. Rxe7 Rxe7 37. hxg4 Qd6 38. Rf4 Qe5 39. Kf2 Rf7 40.
Nf3 Rxf4 41. exf4 Qe4 42. Qe3 Qc2+ 43. Kg3 Kf8 44. Qc5+ Ke8 45. Qc8+ Ke7 46. Qxb7+ Kd8 47. Qb8+ Ke7 48. Qc7+ Ke8 49. Qc8+ Ke7 50. Qc7+ Ke8 51. Qe5+ Kd7 52. Qg7+ Kd6 53. Qf6+ Kc7 54. Qe7+ Kb6 55. Qc5+ Kb7 56. Qe7+ Kb6 57. Qd8+ Kb7 58. Qd7+ Kb6 59. Qe8 Qxc3 60. Qb8+ Ka6 61. Qa8+ Kb6 62. Qb8+ Kc6 63.
Qc8+ Kb5 64. Qb7+ Ka4 65. Qa7+ Kxb4 66. Qb6+ Ka3 67. Qc5+ Kb3 68. Qb6+ Ka2 69. Qf2+ Kb1 70. f5 gxf5 71. gxf5 Qd3 72. Kf4 Qe4+ 73. Kg5 Qe7+ 74. f6 h6+ 75. Kg6 Bd3+ 76. Kxh6 Qxf6+ 77. Kh5 Qf5+ 78. Kh6 Qg6# 0-1

[Event "Late-Titled-Tuesday-Blitz-June-25-2024"]
[Site "Chess.com"]
[Date "2024.06.25"]
[Round "9"]
[White "Orest_Vovk"]
[Black "cthulhuuu"]
[Result "1/2-1/2"]
[WhiteElo "2546"]
[BlackElo "2399"]
[TimeControl "180+1"]
[EndTime "15:46:18 PDT"]
[Termination "Game drawn - insufficient material"]

1. g4 d5 2. h3 c5 3. Bg2 Nc6 4. c4 d4 5. Bxc6+ bxc6 6. d3 e5 7. Qa4 Qb6 8. Nf3 Bd6 9. Nbd2 f5 10. gxf5 Bxf5 11. Nh4 Be6 12. Ne4 Be7 13. Nf3 Nf6 14.
Nxe5 Nxe4 15. dxe4 O-O 16. Qxc6 Qxc6 17. Nxc6 Bh4 18.
Rh2 Rxf2 19. Rxf2 Rf8 20. Ne7+ Kh8 21. Nf5 Bxf5 22. Kd1 Bxf2 23. exf5 Rxf5 24. Bd2 Be3 25. Kc2 Rf2 26. Kd3 Rh2 27. Rf1 h5 28. Rf3 Bxd2 29.
Kxd2 h4 30. b4 cxb4 31. c5 Rg2 32. Rf4 Rg5 33. Rxh4+ Kg8 34. Rxd4 Rxc5 35. Rxb4 Ra5 36. a4 Rh5 37. h4 Ra5 38. Rb8+ Kh7 39. Rb4 Kh6 40.
Kc3 Kh5 41. Kb3 g6 42. e3 a6 43. Re4 Rf5 44. Kb4 a5+ 45. Kc4 Rf6 46. Rd4 Rf5 47.
e4 Rf7 48. Rd5+ Kxh4 49. e5 g5 50. Rxa5 g4 51. Ra8 g3 52. Rh8+ Kg4 53. Rg8+ Kf3 54. e6 Re7 55. Kd5 Ra7 56. Rf8+ Kg2 57. Rf7 Rxa4 58. e7 Ra5+ 59. Ke6 Ra6+ 60. Kf5 Ra5+ 61. Kg6 Re5 62. Kf6 Re3 63. Rf8 Kh2 64. Rh8+ Kg1 65. Rh5 Rxe7 66. Kxe7 g2 67. Kf6 Kf2 68. Rf5+ Ke3 69. Re5+ Kf2 70. Rf5+ Ke2 71. Rg5 Kf2 72. Kf5 g1=Q 73. Rxg1 Kxg1 1/2-1/2